 Dungeon Crawl Stone Soup version 0.28-a0-1199-gef9e1dbd39 (webtiles) character file.

Game seed: 7265893731975623400

176 sanka the Chopper (level 5, 0/43 HPs)
             Began as a Palentonga Abyssal Knight on Dec 19, 2021.
             Was a Believer of Lugonu.
             Slain by an orc (3 damage)
             ... on level 3 of the Dungeon.
             The game lasted 00:03:31 (3162 turns).

sanka the Chopper (Palentonga Abyssal Knight)       Turns: 3162, Time: 00:03:31

Health: 0/43       AC:  4    Str: 19    XL:     5   Next: 30%
Magic:  6/6        EV:  9    Int: 10    God:    Lugonu [**....]
Gold:   67         SH:  0    Dex: 10    Spells: 4/4 levels left

rFire   + . .      SeeInvis +   a - +1 hand axe
rCold   . . .      Faith    .   (no shield)
rNeg    . . .      Spirit   .   b - +0 leather armour
rPois   .          Reflect  .   (no helmet)
rElec   .          Harm     .   (no cloak)
rCorr   .          Rampage  .   (no gloves)
Will    .....                   (no barding)
Stlth   +.........              (no amulet)
HPRegen 0.14/turn               (no ring)
MPRegen 0.10/turn               o - ring of protection from fire

@: no status effects
A: large, rugged brown scales 3, see invisible, deformed body, roll 1, armoured
tail
a: Rolling Charge, Renounce Religion, Depart the Abyss, Bend Space


You were on level 3 of the Dungeon.
You worshipped Lugonu.
Lugonu was pleased with you.
You visited 1 branch of the dungeon, and saw 3 of its levels.
You visited the Abyss 1 time.

You collected 67 gold pieces.


Innate Abilities, Weirdness & Mutations

You are completely covered in rugged brown scales. (AC +3, +7% HP)
You have supernaturally acute eyesight. (SInv)
Armour fits poorly on your strangely shaped body.
You can roll at nearby foes to attack.
You have a long armoured tail.


   Skills:
 - Level 3.0 Fighting
 + Level 5.6 Axes
 - Level 1.5 Armour
 - Level 0.7 Dodging
 - Level 2.0 Invocations


You had 4 spell levels left.
You didn't know any spells.
Your spell library was empty.

Inventory:

Hand Weapons
 a - a +1 hand axe (weapon)
 n - a +0 whip of draining
Armour
 b - a +0 leather armour (worn)
 c - a scarf of invisibility
Magical Staves
 i - a staff of fire
Jewellery
 o - a ring of protection from fire (right hand)
Wands
 p - a wand of flame (13)
Scrolls
 e - a scroll of magic mapping {unknown}
 f - 2 scrolls of fear {unknown}
 g - a scroll of fog {unknown}
 k - a scroll of identify {unknown}
 l - a scroll of teleportation {unknown}
 m - a scroll of vulnerability {unknown}
Potions
 d - 2 potions of haste {unknown}
 h - 2 potions of curing {unknown}
 j - 2 potions of degeneration {unknown}

Dungeon Overview and Level Annotations

Branches:
Dungeon (3/15)

Altars:

Shops:
D:2 *

Annotations:
D:2 1 runed translucent door, Crazy Yiuf

▒.▒▒▒.▒ ▒.▒ ▒.▒
▒.▒▒▒.▒▒▒▒▒▒▒▒▒
▒.▒▒..........▒▒▒▒▒▒▒▒▒▒▒▒▒▒
▒.▒▒..▒▒▒>..................
▒.▒▒....)..o...oo..........o
▒.▒▒..▒.▒.▒.▒.▒▒▒▒▒▒▒▒▒▒....
▒.▒<..▒.▒.▒o▒.▒ ▒....
▒.▒...▒ ..▒H▒.▒ ▒....
▒.▒...▒▒▒▒▒▒▒.▒▒▒▒▒▒▒▒▒▒....
▒)▒.... .........>......
▒.▒..▒ ▒.▒▒▒▒▒▒▒▒▒▒....
▒)▒.. ..▒ ▒..... ▒)▒.▒▒▒
▒▒▒. ▒...▒▒ ▒.▒...▒▒▒....
▒...▒ ▒............ ▒...▒
▒▒▒▒......... ▒...▒


You could see an orc priest and an orc.


Message History

Lugonu accepts your kill.
No target in view!
No target in view!
You start resting.
HP restored.
You climb downwards.
There is a stone staircase leading up here.
Unknown command.
An orc priest is nearby!
You roll forward with a clatter of scales!
You slash the orc priest!
The orc priest is almost dead.
The orc priest calls down the wrath of Beogh upon you.
Beogh smites you!
The orc priest mumbles some strange prayers to Beogh against you.
Beogh smites you!
You hit the orc priest.
The orc priest is almost dead.
The orc priest calls upon Beogh to heal the orc priest.
The orc priest is healed somewhat.
The orc priest looks encouraged for a moment.
The orc priest invokes the aid of Beogh against you.
Beogh smites you!
* * * LOW HITPOINT WARNING * * *
There is a stone staircase leading up here.
The orc priest invokes the aid of Beogh against you.
Beogh smites you!
* * * LOW HITPOINT WARNING * * *
The orc hits you with a +0 war axe.
You die...

Action                   |  1- 3 |  4- 6 || total
-------------------------+-------+-------++-------
Melee: Hand axe          |    23 |   151 ||   174
       Tailslap          |     3 |    12 ||    15
 Abil: Rolling Charge    |     8 |    13 ||    21
 Stab: Sleeping          |       |     1 ||     1
Armor: Leather armour    |     4 |    73 ||    77
Dodge: Dodged            |     6 |    54 ||    60

Levels and vault maps discovered:
D:1:      lightli_arrival_lavapool, layout_basic, ebering_ecumenical_altar_rust
D:2:      layout_basic, serial_shops, nicolae_shop_stone,
          grunt_decor_one_mirror, uniq_natasha, uniq_crazy_yiuf_cottage
D:3:      layout_basic, gammafunk_ghost_cemetery, minmay_quantized

Notes
Turn   | Place    | Note
-------+----------+-------------------------------------------
     0 | Abyss:1  | sanka the Palentonga Abyssal Knight began the quest for the
                  | Orb.
     0 | Abyss:1  | Reached XP level 1. HP: 19/19 MP: 2/2
     2 | D:1      | Escaped the Abyss
    44 | D:1      | Reached XP level 2. HP: 25/25 MP: 3/3
    57 | D:2      | Reached skill level 3 in Axes
   290 | D:2      | Noticed Natasha
   291 | D:2      | Noticed a crimson imp
   296 | D:2      | Killed Natasha
   297 | D:2      | Reached XP level 3. HP: 5/31 MP: 4/4
   587 | D:2      | Noticed Natasha
   598 | D:2      | Killed Natasha
   599 | D:2      | Reached skill level 4 in Axes
   599 | D:2      | Reached XP level 4. HP: 26/37 MP: 5/5
   602 | D:1      | Found a faded altar of an unknown god.
  1315 | D:1      | Reached ** piety under Lugonu
  1579 | D:2      | Found Idedwa Tiung's Assorted Antiques.
  1632 | D:2      | Noticed Natasha
  1642 | D:2      | Killed Natasha
  1643 | D:2      | Reached skill level 5 in Axes
  1827 | D:2      | Found a runed translucent door.
  1828 | D:2      | Noticed Crazy Yiuf
  1882 | D:2      | Reached XP level 5. HP: 42/43 MP: 6/6
  3162 | D:3      | HP: 3/43 [orc priest/divine providence (12)]
  3162 | D:3      | Slain by an orc

Vanquished Creatures
  Natasha (thrice) (D:2)
  2 adders
  A gnoll (D:1)
  2 worms
  2 dart slugs (D:2)
  7 orcs
  2 ball pythons
  10 bats
  7 endoplasms
  5 goblins
  3 hobgoblins
  2 quokkas (D:2)
  A frilled lizard (D:1)
  3 kobolds (D:1)
  6 rats
56 creatures vanquished.
